 Dungeon Crawl Stone Soup version 0.29.1-2-gbd0b4ee654 (webtiles) character file.

Game seed: 18264052274986977431

137 HolyTactitian the Slasher (level 5, -2/44 HPs)
             Began as a Minotaur Gladiator on Nov 5, 2022.
             Was a Follower of Sif Muna.
             Killed from afar by Sigmund (9 damage)
             ... with a puff of flame
             ... on level 2 of the Dungeon.
             The game lasted 00:49:53 (2098 turns).

HolyTactitian the Slasher (Minotaur Gladiator)      Turns: 2098, Time: 00:49:53

Health: -2/44      AC:  5    Str: 20    XL:     5   Next: 0%
Magic:  1/1        EV: 12    Int:  5    God:    Sif Muna [*.....]
Gold:   58         SH:  0    Dex: 12    Spells: 4/4 levels left

rFire   . . .      SeeInvis .   r - +0 dagger (antimagic)
rCold   . . .      Faith    .   (no shield)
rNeg    . . .      Spirit   .   o - +0 ring mail
rPois   .          Reflect  .   c - +0 hat
rElec   .          Harm     .   (no cloak)
rCorr   .          Rampage  .   (no gloves)
Will    .....                   (no boots)
Stlth   ..........              (no amulet)
HPRegen 0.14/turn               (no ring)
MPRegen 0.07/turn               (no ring)

@: confused
A: horns 2, retaliatory headbutt
a: Renounce Religion, Channel Magic


You were on level 2 of the Dungeon.
You worshipped Sif Muna.
Sif Muna was aware of your devotion.
You visited 1 branch of the dungeon, and saw 2 of its levels.

You collected 58 gold pieces.

Inventory:

Hand Weapons
 a - a +0 long sword
 d - a +3 dagger
 h - a +0 sling
 j - a +0 trident
 k - a +0 dagger
 r - a +0 antimagic dagger (weapon)
 u - a +0 dagger of speed
Missiles
 p - 8 stones (quivered)
 x - a javelin
Armour
 b - a +0 leather armour
 c - a +0 hat (worn)
 o - a +0 ring mail (worn)
 q - a +0 ring mail
Wands
 m - a wand of flame (13)
Scrolls
 e - a scroll of identify {unknown}
 f - a scroll of magic mapping {unknown}
 g - a scroll of enchant armour {unknown}
 i - a scroll of blinking {unknown}
 t - a scroll of butterflies {unknown}
 v - a scroll of torment {unknown}
Potions
 l - 3 potions of heal wounds {unknown}
 n - a potion of magic {unknown}
 s - a potion of resistance {unknown}
 w - a potion of mutation {unknown}


   Skills:
 + Level 2.9 Fighting
 + Level 1.3(3.0) Short Blades
 + Level 4.6(4.8) Long Blades
 + Level 2.3 Throwing
 + Level 2.2 Armour
 + Level 4.2 Dodging
 + Level 0.3 Stealth


You had 4 spell levels left.
You didn't know any spells.
Your spell library was empty.

Dungeon Overview and Level Annotations

Branches:
Dungeon (2/15)

Altars:
Sif Muna
Xom

Annotations:
D:2 Sigmund


Innate Abilities, Weirdness & Mutations

You have a pair of horns on your head.
You reflexively headbutt those who attack you in melee.


Message History

The puff of flame hits something.
A giant cockroach is nearby!
Something hits you.
* * * LOW HITPOINT WARNING * * *
Aiming: Throw Flame
Press: ? - help, Shift-Dir - straight line, f - Sigmund
Aim: Sigmund, wielding a +0 scythe and wearing a +0 robe (moderately wounded, 64% to hit)
The puff of flame hits Sigmund.
Sigmund is heavily wounded.
Found a stone staircase leading down.
Aiming: Throw Flame
Press: ? - help, Shift-Dir - straight line, f/p - Sigmund
Aim: Sigmund, wielding a +0 scythe and wearing a +0 robe (heavily wounded, 64% to hit)
The puff of flame misses Sigmund.
The puff of flame hits the giant cockroach!
You kill the giant cockroach!
Sif Muna accepts your kill.
Sigmund hits you from afar with a +0 scythe!
* * * LOW HITPOINT WARNING * * *
You have reached level 5!
Aiming: Throw Flame
Press: ? - help, Shift-Dir - straight line, f/p - Sigmund
Aim: Sigmund, wielding a +0 scythe and wearing a +0 robe (heavily wounded, 64% to hit)
The puff of flame misses Sigmund.
Sigmund hits you but does no damage.
Found a trident.
Sigmund points at you and mumbles some strange words.
You are confused.
You're too confused to move!
You bump into the rock wall.
You bump into the rock wall.
Sigmund hits you but does no damage.
You feel less confused. Sigmund casts a spell at you.
You are confused.
Sigmund casts a spell at you.
You are more confused.
You see here a +0 trident.
j - a +0 trident Sigmund casts a spell at you.
The puff of flame hits you!
You die...

#.# ...# #.# ...# #.#
##### ... #.#
.....#####.# #.#
...........# #.#
...........# #B#
...........# #.#
.......@...###########..
..........>@........†...
...........###########..
....######## #.. ...
#######.. ## ........#
.##...... .........
.##......


You could see Sigmund.

Vanquished Creatures
  Natasha (thrice) (D:2)
  Robin (D:2)
  A worm (D:2)
  A bat (D:1)
  4 endoplasms
  6 giant cockroaches
  8 goblins
  7 hobgoblins
  3 jackals (D:1)
  A quokka (D:1)
  3 ball pythons (D:1)
  2 frilled lizards
  2 kobolds (D:1)
  A rat (D:1)
43 creatures vanquished.

Notes
Turn   | Place    | Note
-------+----------+-------------------------------------------
     0 | D:1      | HolyTactitian the Minotaur Gladiator began the quest for
                  | the Orb.
     0 | D:1      | Reached XP level 1. HP: 18/18 MP: 0/0
    45 | D:1      | Found a faded altar of an unknown god.
   459 | D:1      | Reached XP level 2. HP: 25/25 MP: 1/1
   981 | D:1      | Prayed at the altar of an unknown god.
   981 | D:1      | Became a worshipper of Sif Muna the Loreminder
   981 | D:1      | Reached * piety under Sif Muna
   991 | D:2      | Found a shimmering altar of Xom.
  1107 | D:2      | Reached XP level 3. HP: 21/30 MP: 2/2
  1163 | D:2      | Noticed Natasha
  1176 | D:2      | Killed Natasha
  1323 | D:2      | Reached skill level 1 in Armour
  1405 | D:2      | Noticed Robin
  1422 | D:2      | Killed Robin
  1423 | D:2      | Reached XP level 4. HP: 29/37 MP: 3/3
  1547 | D:2      | Noticed Natasha
  1571 | D:2      | Killed Natasha
  1839 | D:2      | Reached skill level 1 in Short Blades
  1841 | D:2      | Noticed Natasha
  1847 | D:2      | Killed Natasha
  2029 | D:2      | Noticed Sigmund
  2084 | D:2      | Reached XP level 5. HP: 5/44 MP: 1/4
  2098 | D:2      | Killed from afar by Sigmund

Illustrated notes

Levels and vault maps discovered:
D:1:      psy_arrival_conway, layout_loops_ring,
          hellmonk_ecumenical_altar_pennies_from_heaven
D:2:      layout_basic, basic_altar, kennysheep_generic_room_9, uniq_natasha,
          uniq_sigmund, uniq_robin

Skill      XL: |  1  2  3  4 |
---------------+-------------+-----
Long Blades    | 4 |  4.6
Dodging        | 4 |  4.2
Armour         | 1 2 |  2.2
Short Blades   | 1 |  1.3
Fighting       | |  2.9
Throwing       | |  2.3
Stealth        | |  0.3

Action                   |  1- 3 |  4- 6 || total
-------------------------+-------+-------++-------
Melee: Long sword        |    21 |       ||    21
       Headbutt          |    11 |     8 ||    19
       Dagger            |    56 |    55 ||   111
       Punch             |     1 |     1 ||     2
Throw: Throwing net      |     5 |       ||     5
       Javelin           |     5 |     2 ||     7
       Stone             |       |     1 ||     1
Evoke: Wand              |       |     6 ||     6
  Use: Potion            |       |     3 ||     3
 Stab: Held in net/web   |     1 |       ||     1
Armor: Leather armour    |     5 |       ||     5
       Ring mail         |    20 |     9 ||    29
Dodge: Dodged            |    31 |    12 ||    43
